 Dungeon Crawl Stone Soup version 0.25-a0-860-gf695395b5c (webtiles) character file.

Game seed: 5136146648952260632, levelgen mode: deterministic

8414 Findor the Spear-Bearer (level 11, -1/97 HPs)
             Began as a Naga Gladiator on Apr 29, 2020.
             Was a Priest of Cheibriados.
             Slain by a death yak (22 damage)
             ... on level 8 of the Dungeon.
             The game lasted 00:28:39 (11924 turns).

Findor the Spear-Bearer (Naga Gladiator)           Turns: 11924, Time: 00:28:40

Health: -1/97      AC: 13    Str: 29    XL:     11   Next: 30%
Magic:  4/17       EV: 12    Int: 19    God:    Cheibriados [***...]
Gold:   546        SH:  0    Dex: 20    Spells: 10/10 levels left

rFire    . . .     SeeInvis +   b - +5 trident (freeze)
rCold    . . .     Gourm    .   (no shield)
rNeg     . . .     Faith    .   m - +0 scale mail
rPois    +         Spirit   .   c - +1 helmet
rElec    .         Reflect  .   (no cloak)
rCorr    .         Harm     .   e - +2 pair of gloves {Str+3}
MR       +....                  (no barding)
Stlth    ..........             (no amulet)
HPRegen  0.26/turn              z - ring of see invisible
MPRegen  0.15/turn              (no ring)

@: mighty, very slow
A: large, see invisible, deformed body, poison resistance, slowness 2, slow
metabolism 1, spit poison 1, AC +3
a: Spit Poison, Bend Time, Temporal Distortion, Renounce Religion


You were on level 8 of the Dungeon.
You worshipped Cheibriados.
Cheibriados was most pleased with you.
You were very hungry.

You visited 2 branches of the dungeon, and saw 10 of its levels.

You collected 546 gold pieces.


Innate Abilities, Weirdness & Mutations

You cannot wear boots.
Your serpentine skin is tough. (AC +3)
You have supernaturally acute eyesight. (SInv)
Armour fits poorly on your strangely shaped body.
Your system is resistant to poisons. (rPois)
You cover ground very slowly.
You have a slow metabolism.
You can spit poison.


   Skills:
 + Level 5.9 Fighting
 - Level 12.0 Polearms
 - Level 1.7 Throwing
 + Level 4.6 Armour
 + Level 5.3 Dodging
 * Level 8.6 Invocations


You had 10 spell levels left.
You didn't know any spells.
Your spell library contained the following spells:

 Spells                   Type           Power        Failure   Level  Hunger
 Confusing Touch          Hex            #.......     77%         3    ####...
 Gell's Gravitas          Tloc           #.........   77%         3    ####...
 Petrify                  Tmut/Erth      #.......     99%         4    #####..
 Metabolic Englaciation   Hex/Ice        #.........   100%        5    ######.
 Yara's Violent Unravell  Hex/Tmut       #.........   100%        5    ######.

Inventory:

Hand Weapons
 b - a +5 trident of freezing (weapon)
   (You took it off a wight on level 7 of the Dungeon)
 g - a +0 whip
   (You took it off an orc on level 7 of the Dungeon)
 l - a +1 vorpal spear
   (You took it off Robin on level 2 of the Dungeon)
 w - the +4 whip "Jeoraipn" {vamp, *Noise rPois rC+++ Dex-4}
   (You found it on level 4 of the Dungeon)

   It inflicts no extra harm, but heals its wielder when it wounds a living foe.
   It affects your dexterity (-4).
   It renders you almost immune to cold.
   It protects you from poison.
   It may make noises in combat.
Missiles
 r - 6 javelins
 s - 3 throwing nets (quivered) {!f}
Armour
 c - a +1 helmet (worn)
 e - a +2 pair of gloves of strength (worn)
   (You found it on level 1 of the Dungeon)
 m - a +0 scale mail (worn)
   (You took it off a kobold on level 2 of the Dungeon)
 x - a +2 robe of magic resistance
   (You took it off Pikel on level 4 of the Dungeon)
Jewellery
 z - a ring of see invisible (left hand)
   (You found it on level 4 of the Dungeon)
Wands
 d - a wand of iceblast (12)
   (You found it on level 3 of the Dungeon)
 u - a wand of paralysis (9)
   (You found it on level 8 of the Dungeon)
 v - a wand of digging (14)
   (You found it on level 2 of the Dungeon)
Scrolls
 h - 14 scrolls of identify {@r1}
 j - a scroll of brand weapon {unknown}
 k - 4 scrolls of remove curse {@r2}
 o - 2 scrolls of fog
 p - a scroll of enchant armour
Potions
 a - a potion of ambrosia {unknown}
 n - 5 potions of curing {@q1}
 q - a potion of mutation {unknown}
 t - a potion of stabbing {unknown}
 y - a potion of might
 D - a potion of brilliance {unknown}
Miscellaneous
 i - a tin of tremorstones
Comestibles
 f - 17 rations
 A - 2 chunks of flesh


Message History

Evoke which item? (* to show all) (? for menu, Esc to quit)
Okay, then.
You warp the flow of time around you!
You are feeling very hungry.
Evoke which item? (* to show all) (? for menu, Esc to quit)
Aiming: Iceblast
Press: ? - help, Shift-Dir - straight line, f - death yak
Aim: a death yak (heavily wounded)
Okay, then.
Unknown command.
Unknown command.
Evoke which item? (* to show all) (? for menu, Esc to quit)
Aiming: Paralyse
Press: ? - help, Shift-Dir - straight line, f - death yak
Aim: a death yak (heavily wounded, chance to defeat MR: 1%)
Okay, then.
Unknown command.
Evoke which item? (* to show all) (? for menu, Esc to quit)
Throw a tremorstone where?
Press: ? - help, Shift-Dir - straight line That beam is likely to hit you.
Continue anyway?
The tremorstone explodes into fragments!
The shards of rock engulfs the death yak! x3
The shards of rock engulfs the death yak.
The shards of rock engulfs you but does no damage.
It was a potion of might.
You feel very mighty all of a sudden.
The death yak gores you but does no damage.
You barely miss the death yak. The death yak gores you!
* * * LOW HITPOINT WARNING * * *
Evoke which item? (* to show all) (? for menu, Esc to quit)
Okay, then.
Unknown command.
Attack whom?
Press: ? - help, Dir - move target cursor, f - death yak
Aim: a death yak (severely wounded)
You completely miss the death yak.
Attack whom?
Press: ? - help, Dir - move target cursor, f/p - death yak
Aim: a death yak (severely wounded)
You hit the death yak. You freeze the death yak. The death yak gores you!
* * * LOW HITPOINT WARNING * * *
Attack whom?
Press: ? - help, Dir - move target cursor, f/p - death yak
Aim: a death yak (almost dead)
You hit the death yak. You freeze the death yak. The death yak gores you!!
* * * LOW HITPOINT WARNING * * *
You feel better. The death yak closely misses you.
You feel better. The death yak gores you!!
You die...

........#.#
#...........
........#.#
#...........
#######...#
#........... ##..#
#.....†....# #..#
#........>.. #..#
#.#..r.#... #..#
#.#Y#.......
#..####.#Y##......
#.......#@........
##.######...####..
#>#
#...####.#########
#.#
........Yr.......#
#.#
#...####.#........
######### ##### #
#Y####.##
#.......# #.# #
#.#####.# #.# ###
#.#.[.#.# #.#


You could see 2 death yaks.

Vanquished Creatures
  A hydra (D:8)
  A death yak (D:8)
  A two-headed ogre (D:9)
  Pikel (D:4)
  2 dream sheep (D:8)
  2 yaks (D:8)
  Duvessa (D:7)
  5 ice beasts
  2 black bears
  A slave (D:4)
  2 phantoms
  3 sky beasts
  4 ogres
  An orc warrior (D:9)
  3 necrophages (D:9)
  3 centaurs
  A crocodile (D:8)
  3 big kobolds (D:8)
  5 bullfrogs
  Blork the orc (D:4)
  A wyvern zombie (D:6)
  Dowan (D:7)
  A wyvern skeleton (D:6)
  4 scorpions
  3 wights (D:7)
  6 killer bees (D:9)
  2 howler monkeys
  8 electric eels (D:9)
  2 crimson imps (D:7)
  A bullfrog zombie (D:5)
  A centaur zombie (D:5)
  A quasit (D:7)
  3 jellies
  2 gnoll shamans
  4 orc priests
  A hound (D:8)
  5 orc wizards
  Jessica (D:4)
  5 iguanas
  Natasha (D:4)
  7 worker ants
  A hell rat (D:8)
  A killer bee zombie (D:9)
  A bullfrog simulacrum (D:9)
  A centaur simulacrum (D:9)
  A hound skeleton (D:8)
  A worker ant zombie (D:5)
  Robin (D:2)
  A howler monkey skeleton (D:7)
  9 gnolls
  7 adders
  A river rat (D:8)
  2 shadow imps
  A white imp (D:9)
  A worker ant simulacrum (D:9)
  3 adder zombies (D:9)
  4 adder skeletons
  2 worms
  13 dart slugs
  4 leopard geckos
  27 orcs
  2 bats (D:3)
  A bat zombie (D:9)
  3 giant cockroaches
  18 goblins
  10 hobgoblins
  22 jackals
  15 kobolds
  6 quokkas
  10 frilled lizards
  A jackal skeleton (D:5)
  A leopard gecko skeleton (D:6)
  6 rats
  2 rat zombies (D:9)
  A spectral orc (D:2)
  A bush (D:9)
284 creatures vanquished.

Vanquished Creatures (others)
  Natasha (twice) (D:4)
2 creatures vanquished.

Grand Total: 286 creatures vanquished

Notes
Turn   | Place    | Note
-------+----------+-------------------------------------------
     0 | D:1      | Findor the Naga Gladiator began the quest for the Orb.
     0 | D:1      | Reached XP level 1. HP: 19/19 MP: 1/1
    21 | D:1      | Reached XP level 2. HP: 11/26 MP: 2/2
   429 | D:1      | Reached skill level 4 in Polearms
   429 | D:1      | Reached XP level 3. HP: 11/32 MP: 3/3
  1148 | D:2      | Found a basalt altar of Yredelemnul.
  1199 | D:2      | Reached XP level 4. HP: 19/39 MP: 4/4
  1224 | D:2      | Noticed Robin
  1290 | D:2      | Killed Robin
  1290 | D:2      | Reached skill level 5 in Polearms
  2038 | D:2      | Reached XP level 5. HP: 33/45 MP: 5/5
  2304 | D:3      | Found a radiant altar of Vehumet.
  2676 | D:3      | Reached skill level 6 in Polearms
  2799 | D:3      | Found an ornate altar of the Wu Jian Council.
  2923 | D:4      | Found Houbogat's Gadget Shop.
  2970 | D:4      | Reached XP level 6. HP: 52/52 MP: 6/6
  3022 | D:4      | Got a twisted whip
  3023 | D:4      | Identified the +4 whip "Jeoraipn" {vamp, *Noise rPois rC+++
                  | Dex-4} (You found it on level 4 of the Dungeon)
  3066 | D:4      | Noticed a slave
  3067 | D:4      | Noticed a slave
  3069 | D:4      | Noticed Pikel
  3072 | D:4      | Noticed a slave
  3074 | D:4      | Noticed a slave
  3126 | D:4      | Killed Pikel
  3126 | D:4      | Reached skill level 8 in Polearms
  3126 | D:4      | Reached XP level 7. HP: 28/60 MP: 7/7
  3387 | D:4      | Noticed Jessica
  3394 | D:4      | Killed Jessica
  3431 | D:4      | Found a shimmering blue altar of Sif Muna.
  3581 | D:4      | Noticed Natasha
  3590 | D:4      | Killed Natasha
  3590 | D:4      | Reached skill level 9 in Polearms
  3672 | D:4      | Killed Natasha
  3735 | D:4      | Killed Natasha
  3762 | D:4      | Found a stormy altar of Qazlal.
  3772 | D:4      | Noticed Blork the orc
  3784 | D:4      | Killed Blork the orc
  4152 | D:4      | Found a stormy altar of Qazlal.
  4203 | D:4      | Found Houbogat's Gadget Shop.
  4392 | D:4      | Found a shimmering blue altar of Sif Muna.
  4549 | D:4      | Found Houbogat's Gadget Shop.
  4775 | D:4      | Found a stormy altar of Qazlal.
  4928 | D:4      | Found a shimmering blue altar of Sif Muna.
  5061 | D:5      | Entered Level 5 of the Dungeon
  5282 | D:5      | Reached XP level 8. HP: 63/67 MP: 8/8
  5569 | D:5      | Found a staircase to the Ecumenical Temple.
  5584 | Temple   | Entered the Ecumenical Temple
  5674 | Temple   | Became a worshipper of Cheibriados the Contemplative
  5874 | D:5      | Reached skill level 10 in Polearms
  6572 | D:6      | Found an iron altar of Okawaru.
  6657 | D:6      | Reached skill level 11 in Polearms
  6669 | D:6      | Reached * piety under Cheibriados
  6766 | D:6      | Found a sacrificial altar of Ru.
  6798 | D:6      | Reached XP level 9. HP: 47/73 MP: 9/9
  7071 | D:6      | Reached ** piety under Cheibriados
  7373 | D:6      | Reached skill level 12 in Polearms
  7641 | D:7      | Noticed Duvessa
  7641 | D:7      | Noticed Dowan
  7644 | D:7      | Killed Duvessa
  7644 | D:7      | Reached skill level 1 in Armour
  7644 | D:7      | Reached skill level 1 in Invocations
  7653 | D:7      | Killed Dowan
  7683 | D:7      | Reached *** piety under Cheibriados
  8020 | D:7      | Reached skill level 3 in Dodging
  8130 | D:7      | Reached skill level 3 in Fighting
  8130 | D:7      | Reached skill level 3 in Invocations
  8182 | D:7      | Reached **** piety under Cheibriados
  8278 | D:7      | Found a glowing golden altar of the Shining One.
  8279 | D:7      | Found a glowing silver altar of Zin.
  8883 | D:8      | Noticed a death yak
  8893 | D:8      | Noticed a death yak
  8895 | D:8      | HP: 1/76 [death yak (19)]
  9329 | D:9      | Reached XP level 10. HP: 85/85 MP: 13/13
  9540 | D:9      | Noticed a two-headed ogre
  9544 | D:9      | Killed a two-headed ogre
  9544 | D:9      | Reached skill level 3 in Armour
  9608 | D:9      | Reached skill level 6 in Invocations
 10382 | D:9      | Found a blossoming altar of Fedhas.
 10448 | D:9      | Found an ancient bone altar of Kikubaaqudgha.
 10725 | D:9      | Found a burning altar of Makhleb.
 11331 | D:8      | Found a shadowy altar of Dithmenos.
 11457 | D:8      | Found a sacrificial altar of Ru.
 11554 | D:8      | Reached XP level 11. HP: 56/96 MP: 16/16
 11783 | D:8      | Noticed a three-headed hydra
 11795 | D:8      | Killed a three-headed hydra
 11899 | D:8      | Found a staircase to the Lair.
 11902 | D:8      | Noticed a death yak
 11915 | D:8      | Killed a death yak
 11922 | D:8      | HP: 6/97 [death yak (20)]
 11924 | D:8      | Slain by a death yak

Levels and vault maps discovered:
D:1:      tarquinn_simple_flora_water_e, layout_loops_ring
D:2:      layout_basic, yredelemnul_forgotten_temple_becter, first_ration,
          uniq_robin
D:3:      layout_rooms, nicolae_overflow_crystal_walls, old_standard_altar
D:4:      layout_loops_ring, kennysheep_little_box, serial_shops,
          nicolae_shop_window_shopping, minivault_4, tgw_sif, uniq_pikel,
          uniq_natasha, uniq_blork_the_orc
D:5:      wad_pebble_path, layout_basic, minmay_temple_entry_slanted
D:6:      kennysheep_slugbush, layout_basic, lemuel_coloured_pillars_altar,
          basic_altar
D:7:      layout_gridville, chequers_temple_overflow_statue_of_worship,
          uniq_duvessa
D:8:      layout_basic, grunt_dithmenos_smoke_and_mirrors, marbit_many_paths,
          dpeg_lair_monsters, hangedman_ranch [blue_anna_fruit_fields]
D:9:      layout_rooms, lemuel_zombie_altar_kikubaaqudgha,
          fedhas_altar_decomposition, old_standard_altar, serial_ice,
          serial_ice_k, serial_ice_d, serial_ice_n, serial_ice_h,
          chequers_serial_rivers_micro_c, kennysheep_boxes
Temple:   zaba_magenta_temple

Action                   |  1- 3 |  4- 6 |  7- 9 | 10-12 || total
-------------------------+-------+-------+-------+-------++-------
Melee: Trident           |   119 |    43 |    93 |   238 ||   493
       Spear             |       |   153 |   418 |       ||   571
Invok: Temporal Distorti |       |       |     2 |     1 ||     3
       Slouch            |       |       |       |     6 ||     6
 Abil: Spit Poison       |     2 |    12 |     7 |     1 ||    22
Evoke: Wand              |       |       |     3 |     9 ||    12
       Tin of tremorston |       |       |       |     2 ||     2
  Use: Potion            |       |     3 |     2 |     3 ||     8
       Scroll            |       |     1 |    13 |       ||    14
 Stab: Sleeping          |     1 |     1 |       |       ||     2
       Distracted        |       |       |       |     1 ||     1
  Eat: Chunk             |       |     6 |    11 |       ||    17
       Ration            |       |       |     3 |       ||     3
Armor: Leather armour    |    42 |    14 |       |       ||    56
       Scale mail        |       |    56 |   148 |    87 ||   291
Dodge: Dodged            |    61 |    54 |   134 |    86 ||   335
